 Dungeon Crawl Stone Soup version 0.30.1-3-gfc49f6343a (webtiles) character file.

Game seed: 11623146729093116547

142 Heoruswealwe the Covered (level 4, 0/38 HPs)
             Began as a Demigod Fighter on July 30, 2023.
             Killed by nerve-wracking pain
             ... invoked by Grinder
              (1 damage)
             ... on level 3 of the Dungeon on July 31, 2023.
             The game lasted 00:23:41 (1579 turns).

Heoruswealwe the Covered (Demigod Fighter)          Turns: 1579, Time: 00:23:42

Health: 0/38       AC: 12    Str: 21    XL:     4   Next: 75%
Magic:  6/6        EV: 10    Int: 10    God:
Gold:   249        SH:  5    Dex: 13    Spells: 3/3 levels left

rFire   . . .        a - +0 war axe
rCold   . . .        d - +0 buckler
rNeg    . . .        c - +0 plate armour
rPois   .            g - +0 helmet
rElec   .            (no cloak)
rCorr   .            (no gloves)
SInv    .            (no boots)
Will    .....        (no amulet) Stlth
                     k - +5 ring of evasion
HPRegen 0.26/turn    (no ring)
MPRegen 0.10/turn

%: no passive effects
@: brilliant
A: high MP 1, forlorn, divine attributes
a: no special abilities


You were on level 3 of the Dungeon.
You visited 1 branch of the dungeon, and saw 3 of its levels.

You collected 249 gold pieces.

Inventory:

Hand Weapons
 a - a +0 war axe (weapon)
 t - the +6 halberd of the Wasp {heavy, *Slow rF+ Dex+3 SInv}
   (You found it on level 3 of the Dungeon)

   Dex:       It affects your dexterity (+3).
   rF:        It protects you from fire.
   SInv:      It lets you see invisible.
   *Slow:     It may slow you when you take damage.
Armour
 c - a +0 plate armour (worn)
 d - a +0 buckler (worn)
 g - a +0 helmet (worn)
Jewellery
 k - a +5 ring of evasion (left hand)
Wands
 u - a wand of iceblast (9)
Scrolls
 f - a scroll of brand weapon {unknown}
 i - 3 scrolls of amnesia {unknown}
 j - a scroll of fear {unknown}
 n - a scroll of torment {unknown}
 o - a scroll of noise {unknown}
 p - a scroll of summoning {unknown}
 s - a scroll of vulnerability {unknown}
 v - a scroll of identify {unknown}
Potions
 b - 2 potions of might
 e - a potion of heal wounds {unknown}
 h - a potion of brilliance
 l - a potion of berserk rage {unknown}
 m - 2 potions of mutation {unknown}
 q - a potion of attraction {unknown}
 r - a potion of lignification {unknown}


   Skills:
 + Level 3.4 Fighting
 + Level 2.8 Axes
 + Level 3.5 Armour
 + Level 3.4 Shields


You had 3 spell levels left.
You didn't know any spells.
Your spell library contained the following spells:

 Spells                   Type           Power      Damage    Failure   Level
 Summon Guardian Golem    Hex/Summ       0%         N/A       100%        3
 Orb of Destruction       Conj           0%         9d5       100%        7
 Spellforged Servitor     Conj/Summ      0%         N/A       100%        7


Dungeon Overview and Level Annotations

Branches:
Dungeon (3/15)

Annotations:
D:3 Grinder


Innate Abilities, Weirdness & Mutations

You have an increased reservoir of magic. (+10% MP)
You shall have no god before yourself.
Your divine heritage dramatically boosts your attributes as you level up.


Message History

You see here a +0 ring mail.
You see here a +0 ring mail.
You see here a throwing net.
Grinder comes into view.
Grinder shouts!
You hit Grinder.
Grinder is lightly wounded.
Grinder hits you but does no damage.
You hit Grinder.
Grinder is lightly wounded.
Grinder gestures at you. Pain shoots through your body!
You slash Grinder!
Grinder is heavily wounded.
You block Grinder's attack. Grinder hits you but does no damage.
You closely miss Grinder.
Grinder is heavily wounded.
Grinder hits you but does no damage.
You hit Grinder.
Grinder is heavily wounded.
Grinder blinks!
Grinder gestures at you. Pain shoots through your body!
You hit Grinder.
Grinder is heavily wounded.
You block Grinder's attack.
You closely miss Grinder.
Grinder is heavily wounded.
Grinder gestures at you. Pain shoots through your body!
* * * LOW HITPOINT WARNING * * *
Grinder hits you.
* * * LOW HITPOINT WARNING * * *
You writhe in agony.
* * * LOW HITPOINT WARNING * * *
It was a potion of brilliance.
You feel clever all of a sudden. Grinder gestures at you.
Pain shoots through your body!
You die...

########### #### ...#
...#### ...'..# ...##.#
############ ...##.#
#######.@.........
#####.###......5#########.
.......................
≈≈≈##.###(......######.
≈.≈##.#########.#
≈.≈.............#
≈.≈##.########### ...##[#
...##.#


You could see Grinder.

Vanquished Creatures
  Jessica (D:2)
  Robin (D:3)
  4 adders
  3 worms
  An orc (D:3)
  4 endoplasms
  A giant cockroach (D:1)
  10 goblins
  10 hobgoblins
  2 jackals (D:3)
  2 kobolds
  3 quokkas
  5 ball pythons
  5 bats
  A frilled lizard (D:1)
  4 rats
57 creatures vanquished.

Notes
Turn   | Place    | Note
-------+----------+-------------------------------------------
     0 | D:1      | Heoruswealwe the Demigod Fighter began the quest for the
                  | Orb.
     0 | D:1      | Reached XP level 1. HP: 18/18 MP: 3/3
   512 | D:1      | Reached XP level 2. HP: 25/25 MP: 4/4
   799 | D:2      | Noticed Jessica
   807 | D:2      | Killed Jessica
   808 | D:2      | Reached XP level 3. HP: 19/31 MP: 5/5
  1067 | D:2      | Reached XP level 4. HP: 38/38 MP: 6/6
  1233 | D:3      | Identified the +6 halberd of the Wasp {heavy, *Slow rF+
                  | Dex+3 SInv}
  1345 | D:3      | Noticed Robin
  1360 | D:3      | Killed Robin
  1566 | D:3      | Noticed Grinder
  1578 | D:3      | HP: 1/38 [Grinder (6)]
  1579 | D:3      | Killed from afar by Grinder

Illustrated notes

Levels and vault maps discovered:
D:1:      nagdon_arrival_double_spiral, layout_rooms, serial_corexii_hall,
          corexii_hall_statues_l, corexii_hall_statues_x
D:2:      layout_rooms, kennysheep_generic_room_13, uniq_jessica
D:3:      layout_basic, nicolae_overflow_hidden_temple, serial_rivers,
          chequers_serial_rivers_micro_d, chequers_serial_rivers_large_b,
          chequers_serial_rivers_large_a, chequers_serial_rivers_micro_d,
          ebering_ecumenical_altar_petrified, minmay_misc_feat_chi,
          uniq_grinder, uniq_robin, uniq_terence

Skill      XL: |  1  2 |
---------------+-------+-----
Axes           | 2 |  2.8
Armour         | 3 |  3.5
Fighting       | 3 |  3.4
Shields        | 3 |  3.4

Action                     |  1- 3 |  4- 6 || total
---------------------------+-------+-------++-------
  Melee: War axe           |    99 |    62 ||   161
    Use: Potion            |       |     1 ||     1
   Stab: Distracted        |       |     1 ||     1
 Armour: Plate armour      |    43 |    55 ||    98
         Scale mail        |     6 |       ||     6
  Dodge: Dodged            |    51 |    44 ||    95
  Block: Buckler           |    19 |    15 ||    34
